 Dungeon Crawl Stone Soup version 0.17-a0-2215-g49c1de0 (webtiles) character file.

2153 septik the Basher (level 9, -4/71 HPs)
             Began as a Minotaur Berserker on Oct 27, 2015.
             Was an Elder of Trog.
             Slain by a troll (8 damage)
             ... on level 8 of the Dungeon.
             The game lasted 00:12:34 (6855 turns).

septik the Basher (Minotaur Berserker)              Turns: 6855, Time: 00:12:34

Health: -4/71      AC:  9    Str: 26    XL:     9   Next: 10%
Magic:  8/8        EV: 12    Int:  4    God:    Trog [****..]
Gold:   407        SH:  0    Dex:  9    Spells: 0 memorised, 8 levels left

rFire  . . .     SeeInvis .     D - +1 whip
rCold  . . .     Clarity  .     k - +1 chain mail
rNeg   . . .     SustAt   .     (no shield)
rPois  +         Gourm    .     (helmet restricted)
rElec  .         Spirit   .     (no cloak)
rCorr  .         Warding  .     (no gloves)
rMut   .         Stasis   .     (no boots)
MR     .....                    (no amulet)
Stlth  ..........               H - ring of poison resistance
                                p - +3 ring of evasion

@: exhausted, slowed, very slow, not resistant to hostile enchantments,
extremely unstealthy
A: retaliatory headbutt, horns 2
a: Berserk, Trog's Hand, Brothers in Arms, Burn Spellbooks, Renounce Religion


You were on level 8 of the Dungeon.
You worshipped Trog.
Trog was greatly pleased with you.
You were very hungry.

You visited 1 branch of the dungeon, and saw 8 of its levels.

You collected 407 gold pieces.

Inventory:

Hand Weapons
 a - a +0 mace
 D - a +1 whip (weapon)
Missiles
 y - 194 stones (quivered)
Armour
 b - a +0 animal skin
 k - a +1 chain mail (worn)
Jewellery
 p - a +3 ring of evasion (left hand)
 r - an uncursed ring of positive energy
 z - an uncursed ring of protection from fire
 H - a ring of poison resistance (right hand)
Wands
 x - a wand of fireball (8)
 B - a wand of teleportation (6)
 E - a wand of magic darts (34)
 I - a wand of enslavement (10)
 P - a wand of lightning (8)
Scrolls
 e - a scroll of random uselessness {unknown}
 f - 6 scrolls of teleportation
 g - a scroll of noise
 i - a scroll of magic mapping
 j - 3 scrolls of enchant armour
 m - a scroll of fog
 s - a scroll of immolation
 C - 3 scrolls of remove curse
 G - 2 scrolls of fear
 J - 3 scrolls of enchant weapon
 M - a scroll of summoning {unknown}
 O - a scroll of torment {unknown}
Potions
 d - 2 potions of curing {unknown}
 h - a potion of cancellation {unknown}
 o - 3 potions of heal wounds
 q - 2 potions of haste {unknown}
 u - a potion of berserk rage {unknown}
 v - 3 potions of flight
 w - a potion of invisibility {unknown}
 A - a potion of might {unknown}
 K - 2 potions of brilliance {unknown}
 L - a potion of lignification {unknown}
 N - a potion of agility {unknown}
Comestibles
 c - 6 bread rations
 l - 3 meat rations
 n - 2 chunks of flesh
 t - 2 royal jellies
 F - a slice of pizza


   Skills:
 - Level 3.9 Fighting
 + Level 14.0 Maces & Flails
 - Level 2.4 Armour
 - Level 2.3 Dodging


You had 8 spell levels left.
You didn't know any spells.

Dungeon Overview and Level Annotations

Branches:
Dungeon (8/15)             Temple (0/1) D:4
   Lair: D:8-11

Altars:
Makhleb
Nemelex Xobeh
Trog
Vehumet
Xom
Yredelemnul


Innate Abilities, Weirdness & Mutations

You reflexively headbutt those who attack you in melee.
You have a pair of horns on your head.


Message History

The troll is almost dead.
The troll bites you but does no damage. The troll barely misses you.
The troll closely misses you.
You hit the troll but do no damage. Your headbutt misses the troll.
The troll is severely wounded.
The jackal misses you. You furiously retaliate!
You headbutt the jackal!
You kill the jackal!
Trog accepts your kill. The troll bites you!
* * * LOW HITPOINT WARNING * * *
The troll claws you.
* * * LOW HITPOINT WARNING * * *
The troll closely misses you. The troll barely misses you. x2
The troll completely misses you. The troll closely misses you.
You furiously retaliate!
You headbutt the troll. The troll claws you but does no damage.
The troll claws you.
* * * LOW HITPOINT WARNING * * *
The troll bites you!
You die...

≈≈≈.....##################.
≈≈≈≈.......................
≈≈≈≈≈≈..........###########
≈≈≈≈............#
≈≈...≈..........#
.......'######'##
............##.#
.###.$......##.#
#......@.##.# #....†To.##.#
#$.....l.##.# #........##.#
###....####.# #....# #.#
#....# #.# #....# #.#
##.... #.#


You could see a troll, an iguana and an orc.

Vanquished Creatures
  A hippogriff (D:8)
  A wolf (D:8)
  A water moccasin (D:8)
  A sky beast (D:5)
  A phantom (D:7)
  A crocodile (D:8)
  The ghost of skimmer the Covered, an amateur DsFi (D:5)
  An ogre (D:6)
  2 giant frogs
  A water moccasin zombie (D:5)
  A water moccasin skeleton (D:7)
  8 hounds
  A crimson imp (D:7)
  2 jellies
  4 giant frog zombies
  3 giant frog skeletons
  A centaur skeleton (D:7)
  Ijyb (D:3)
  3 orc wizards (D:7)
  Natasha (thrice) (D:3)
  2 iguanas
  4 worker ants
  2 hound skeletons (D:4)
  Robin (D:4)
  3 gnolls (D:3)
  A shadow imp (D:6)
  10 adders
  4 worms
  5 giant geckos
  6 orcs
  3 ball pythons
  6 bats
  7 giant cockroaches
  14 hobgoblins
  8 jackals
  5 kobolds
  4 quokkas
  4 giant newts
  10 goblins
  A quokka skeleton (D:8)
  11 rats
149 creatures vanquished.

Vanquished Creatures (others)
  A wizard (D:5)
  An orc wizard (D:7)
2 creatures vanquished.

Grand Total: 151 creatures vanquished

Notes
Turn   | Place    | Note
--------------------------------------------------------------
     0 | D:1      | septik the Minotaur Berserker began the quest for the Orb.
     0 | D:1      | Reached XP level 1. HP: 19/19 MP: 0/0
   268 | D:1      | Reached XP level 2. HP: 21/27 MP: 1/1
   298 | D:1      | Reached skill level 4 in Maces & Flails
   458 | D:1      | Reached ** piety under Trog
   487 | D:1      | Reached XP level 3. HP: 29/33 MP: 2/2
   829 | D:2      | Reached skill level 5 in Maces & Flails
  1353 | D:2      | Reached XP level 4. HP: 40/40 MP: 3/3
  1542 | D:2      | Reached skill level 6 in Maces & Flails
  1713 | D:3      | Reached *** piety under Trog
  1722 | D:3      | Reached XP level 5. HP: 46/46 MP: 4/4
  1776 | D:3      | Reached skill level 7 in Maces & Flails
  1795 | D:3      | Noticed Natasha
  1805 | D:3      | Killed Natasha
  1948 | D:3      | Noticed Ijyb
  1965 | D:3      | Killed Ijyb
  2102 | D:3      | Noticed Natasha
  2113 | D:3      | Killed Natasha
  2256 | D:3      | Reached XP level 6. HP: 52/52 MP: 5/5
  2317 | D:3      | Reached skill level 8 in Maces & Flails
  2392 | D:3      | Noticed Natasha
  2400 | D:3      | Killed Natasha
  2652 | D:4      | Reached **** piety under Trog
  2721 | D:4      | Found a radiant altar of Vehumet.
  2782 | D:4      | Found a bloodstained altar of Trog.
  2783 | D:4      | Found a burning altar of Makhleb.
  2868 | D:4      | Identified Aluacraf's Tome of Shape Shifting
  2931 | D:4      | Found a shimmering altar of Xom.
  2943 | D:4      | Noticed Robin
  2948 | D:4      | Killed Robin
  3031 | D:4      | Reached skill level 9 in Maces & Flails
  3096 | D:4      | Found a staircase to the Ecumenical Temple.
  3248 | D:5      | Entered Level 5 of the Dungeon
  3282 | D:5      | Reached XP level 7. HP: 43/58 MP: 6/6
  3539 | D:5      | Reached skill level 10 in Maces & Flails
  3924 | D:5      | Noticed skimmer's ghost (amateur DsFi)
  3927 | D:5      | Killed skimmer's ghost
  3977 | D:5      | Reached skill level 11 in Maces & Flails
  4028 | D:5      | Found a bloodstained altar of Trog.
  4029 | D:5      | Noticed a wizard
  4034 | D:5      | Killed a wizard
  4453 | D:6      | Reached XP level 8. HP: 37/66 MP: 7/7
  5430 | D:7      | Reached skill level 12 in Maces & Flails
  5765 | D:7      | Found a basalt altar of Yredelemnul.
  6440 | D:8      | Reached skill level 13 in Maces & Flails
  6602 | D:8      | Reached XP level 9. HP: 62/71 MP: 8/8
  6611 | D:8      | Found a sparkling altar of Nemelex Xobeh.
  6822 | D:8      | Noticed a troll
  6832 | D:8      | Reached skill level 14 in Maces & Flails
  6844 | D:8      | HP: 1/106 [troll (6)]
  6855 | D:8      | Slain by a troll

Vault maps used:
D:1:      minmay_arrival_shoal_huts, grunt_decor_mini_mirrors
D:2:      first_bread
D:3:      kennysheep_generic_room_4, uniq_iyjb, uniq_natasha
D:4:      kennysheep_mini_moat, nicolae_overflow_crystal_walls,
          grunt_temple_overflow_open, minmay_temple_entry_enclosed_plants,
          uniq_robin
D:5:      trog_wizard
D:7:      basic_altar
D:8:      kennysheep_orc_sif_temple, kennysheep_little_box, erik_lair_island,
          serial_shops, shop

Action                   |  1- 3 |  4- 6 |  7- 9 || total
-------------------------+-------+-------+-------++-------
Melee: Mace              |    95 |   100 |       ||   195
       Whip              |       |   116 |   299 ||   415
Throw: Stone             |       |    11 |       ||    11
Invok: Berserk           |       |     1 |     2 ||     3
       Burn Spellbooks   |       |       |     2 ||     2
  Use: Scroll            |       |     9 |     5 ||    14
       Potion            |       |       |     1 ||     1
  Eat: Chunk             |     1 |     8 |    12 ||    21
